 Dungeon Crawl Stone Soup version 0.27-a0-1591-gc56fcc985a (webtiles) character file.

Game seed: 12186759102271243193

1038 MacCMillion the Sneak (level 8, -2/52 HPs)
             Began as a Merfolk Enchanter on July 18, 2021.
             Was an Initiate of Wu Jian.
             Slain by Pikel (10 damage)
             ... on level 5 of the Dungeon on July 19, 2021.
             The game lasted 00:36:53 (7896 turns).

MacCMillion the Sneak (Merfolk Enchanter)           Turns: 7896, Time: 00:36:55

Health: -2/52      AC:  2    Str:  8    XL:     8   Next: 24%
Magic:  6/11       EV: 13    Int: 21    God:    Wu Jian [......]
Gold:   267        SH:  0    Dex: 16    Spells: 5/11 levels left

rFire    . . .     SeeInvis .   g - +2 dagger (drain)
rCold    . . .     Faith    .   (no shield)
rNeg     . . .     Spirit   .   b - +0 robe
rPois    .         Reflect  .   (no helmet)
rElec    .         Harm     .   (no cloak)
rCorr    .         Rampage  .   (no gloves)
Will     .....                  (no boots)
Stlth    ++++......             (no amulet)
HPRegen  0.17/turn              c - +6 ring of intelligence
MPRegen  0.12/turn              (no ring)

@: very slightly contaminated
A: (nimble swimmer 2), mertail
a: Renounce Religion


You were on level 5 of the Dungeon.
You worshipped Wu Jian.
Wu Jian was noncommittal.
You visited 1 branch of the dungeon, and saw 5 of its levels.

You collected 267 gold pieces.

Inventory:

Hand Weapons
 a - a +1 dagger
 g - a +2 dagger of draining (weapon)
Missiles
 f - 2 curare-tipped darts
Armour
 b - a +0 robe (worn)
Jewellery
 c - a +6 ring of intelligence (left hand)
 s - an amulet of guardian spirit
Scrolls
 d - a scroll of noise {unknown}
 e - a scroll of blinking {unknown}
 h - a scroll of teleportation {unknown}
 j - 3 scrolls of amnesia {unknown}
 l - 2 scrolls of identify {unknown}
 n - a scroll of immolation {unknown}
 o - a scroll of brand weapon {unknown}
 r - a scroll of holy word {unknown}
 u - 2 scrolls of torment {unknown}
 v - a scroll of vulnerability {unknown}
Potions
 i - a potion of heal wounds {unknown}
 k - 2 potions of degeneration {unknown}
 m - a potion of brilliance {unknown}
 p - a potion of lignification {unknown}
 q - 2 potions of curing {unknown}
 t - a potion of mutation {unknown}


   Skills:
 + Level 0.0 Fighting
 * Level 4.1 Short Blades
 + Level 4.0 Dodging
 - Level 7.2 Stealth
 - Level 2.0 Spellcasting
 - Level 6.0 Hexes
 - Level 4.0 Ice Magic


You had 5 spell levels left.
You knew the following spells:

 Your Spells              Type           Power      Damage    Failure   Level
a - Corona                Hex            30%        N/A       1%          1
b - Ensorcelled Hibernat  Hex/Ice        46%        N/A       2%          2
c - Confusing Touch       Hex            27%        N/A       3%          3

Your spell library contained the following spells:

 Spells                   Type           Power      Damage    Failure   Level
 Tukima's Dance           Hex            27%        N/A       3%          3
 Dazzling Flash           Conj/Hex       28%        N/A       13%         3
 Summon Guardian Golem    Hex/Summ       14%        N/A       13%         3
 Orb of Destruction       Conj           1%         N/A       100%        7
 Spellforged Servitor     Conj/Summ      1%         N/A       100%        7


Dungeon Overview and Level Annotations

Branches:
Dungeon (5/15)
 Temple: D:4-7

Altars:
Sif Muna
Wu Jian
The Shining One

Shops:
D:3 [

Annotations:
D:3 1 runed translucent door, Crazy Yiuf
D:5 Pikel


Innate Abilities, Weirdness & Mutations

((You are quick and stealthy near water. (Stealth+, EV+, Speed+++)))
Your lower body shifts to a powerful aquatic tail in water.


Message History

Aim: Pikel, wielding a +2 whip of freezing and wearing a +0 robe of cold resistance (not susceptible) Pikel is unaffected.
Pikel hits you with a +2 whip of freezing!
* * * LOW HITPOINT WARNING * * *
Pikel freezes you.
* * * LOW HITPOINT WARNING * * *
Casting: Ensorcelled Hibernation (safe; 2% risk of failure)
Confirm with . or Enter, or press ? or * to list all spells.
Aiming: Ensorcelled Hibernation (safe; 2% risk of failure)
Press: ? - help, Shift-Dir - straight line, f - lemure, p - Pikel
Aim: a lemure (chance to affect: 52%)
Okay, then.
You see here a +0 short sword.
Casting: Ensorcelled Hibernation (safe; 2% risk of failure)
Confirm with . or Enter, or press ? or * to list all spells.
Aiming: Ensorcelled Hibernation (safe; 2% risk of failure)
Press: ? - help, Shift-Dir - straight line, f/p - Pikel
Aim: Pikel, wielding a +2 whip of freezing and wearing a +0 robe of cold resistance (not susceptible) Pikel is unaffected.
Pikel says, "You'll feel the lick of my whip!"
Pikel hits you with a +2 whip of freezing.
* * * LOW HITPOINT WARNING * * *
Pikel freezes you.
* * * LOW HITPOINT WARNING * * *
Casting: Ensorcelled Hibernation (safe; 2% risk of failure)
Confirm with . or Enter, or press ? or * to list all spells.
Aiming: Ensorcelled Hibernation (safe; 2% risk of failure)
Press: ? - help, Shift-Dir - straight line, f/p - Pikel
Aim: Pikel, wielding a +2 whip of freezing and wearing a +0 robe of cold resistance (not susceptible)
You miscast Ensorcelled Hibernation.
You are very lightly contaminated with residual magic.
Nothing appears to happen.
Pikel misses you.
Casting: Ensorcelled Hibernation (safe; 2% risk of failure)
Confirm with . or Enter, or press ? or * to list all spells.
Aiming: Ensorcelled Hibernation (safe; 2% risk of failure)
Press: ? - help, Shift-Dir - straight line, f/p - Pikel
Aim: Pikel, wielding a +2 whip of freezing and wearing a +0 robe of cold resistance (not susceptible) Pikel is unaffected.
Pikel hits you with a +2 whip of freezing!
You die...

#### ###..##### ##........#
##........# #.. ##.......#
#..# ######........# ##(.#
#####.....##).##@.######..#
............####K5....)..##
.#...##......# #..........#
.#...##..≈≈..###.#........##
#........≈≈.5.#............##
#..)..........#.........#...#
#..##.._................##..##
#..##.....♣♣..#........####K.#
#.......).♣♣..###......# #.5##


You could see Pikel and a lemure.

Vanquished Creatures
  Sigmund (D:3)
  3 ogres
  3 lemures (D:5)
  3 scorpions
  4 hounds (D:4)
  A centaur skeleton (D:4)
  A bullfrog skeleton (D:5)
  An iguana (D:5)
  A hound zombie (D:5)
  3 hound skeletons
  8 gnolls
  4 adders
  2 adder skeletons (D:4)
  A worm (D:2)
  3 dart slugs (D:1)
  3 ball pythons
  5 endoplasms
  3 giant cockroaches
  12 goblins
  4 hobgoblins
  5 jackals
  2 quokkas
  3 bats
  3 frilled lizards
  4 kobolds
  7 rats
90 creatures vanquished.

Notes
Turn   | Place    | Note
-------+----------+-------------------------------------------
     0 | D:1      | MacCMillion the Merfolk Enchanter began the quest for the
                  | Orb.
     0 | D:1      | Reached XP level 1. HP: 13/13 MP: 3/3
   532 | D:1      | Reached skill level 1 in Ice Magic
   621 | D:1      | Found a faded altar of an unknown god.
   648 | D:1      | Reached XP level 2. HP: 19/19 MP: 5/5
   651 | D:1      | Learned a level 2 spell: Ensorcelled Hibernation
  1361 | D:1      | Reached XP level 3. HP: 24/24 MP: 6/6
  2716 | D:2      | Found a shimmering blue altar of Sif Muna.
  3038 | D:2      | Reached XP level 4. HP: 30/30 MP: 7/7
  3101 | D:2      | Upgraded the game from 0.27-a0-1586-gd5c625afe7 to
                  | 0.27-a0-1591-gc56fcc985a
  3565 | D:3      | Found a glowing golden altar of the Shining One.
  3581 | D:3      | Noticed Sigmund
  4113 | D:3      | Killed Sigmund
  4114 | D:3      | Reached skill level 4 in Stealth
  4114 | D:3      | Reached XP level 5. HP: 35/35 MP: 8/8
  4114 | D:3      | Reached XP level 6. HP: 41/41 MP: 9/9
  4129 | D:3      | Found Lokhlarurha's Armour Boutique.
  4480 | D:3      | Found a runed translucent door.
  4481 | D:3      | Noticed Crazy Yiuf
  4742 | D:4      | Reached skill level 5 in Hexes
  5173 | D:4      | Reached skill level 5 in Stealth
  5173 | D:4      | Reached XP level 7. HP: 46/46 MP: 7/10
  6067 | D:5      | Entered Level 5 of the Dungeon
  6214 | D:4      | Reached skill level 6 in Stealth
  6837 | D:5      | Reached XP level 8. HP: 30/52 MP: 11/11
  7016 | D:5      | Found an ornate altar of the Wu Jian Council.
  7028 | D:5      | Reached skill level 7 in Stealth
  7159 | D:5      | Became a worshipper of the Wu Jian Council
  7253 | D:5      | Learned a level 3 spell: Confusing Touch
  7325 | D:5      | Noticed Pikel
  7896 | D:5      | Slain by Pikel

Illustrated notes

Levels and vault maps discovered:
D:1:      wander_arrival_peaceful_grave, layout_loops_cross,
          shapermc_ecumenical_altar_gd, chequers_serial_rivers_room_a,
          corexii_corridor_pit
D:2:      layout_loops_ring, basic_altar, feat_on_display
D:3:      layout_rooms, overflow_temple_1_default, serial_shops, shop,
          minmay_misc_feat_doors, kennysheep_cross_room, minmay_misc_feat_roman,
          uniq_sigmund, uniq_crazy_yiuf_cottage
D:4:      minmay_inner_zag, layout_gridville, nicolae_hepliaklqana_hippocampus,
          small_statue_intersection, st_stairs_8
D:5:      minmay_octagon_keep, layout_cave_pods, nicolae_wu_jian_wuxing_cycle,
          uniq_pikel

Skill      XL: |  1  2  3  4  5  6  7  8 |
---------------+-------------------------+-----
Ice Magic      | 1 2 3 4 |  4.0
Hexes          | 4 5 6 |  6.0
Short Blades   | 3 4 |  4.1
Stealth        | 4 5 6 7 |  7.2
Dodging        | 3 4 |  4.0
Spellcasting   | |  2.0

Action                   |  1- 3 |  4- 6 |  7- 9 || total
-------------------------+-------+-------+-------++-------
Melee: Dagger            |   160 |    76 |   118 ||   354
 Cast: Ensorcelled Hiber |     5 |    13 |    34 ||    52
       Confusing Touch   |       |       |     3 ||     3
 Stab: Sleeping          |    11 |     9 |    19 ||    39
       Distracted        |     1 |       |       ||     1
       Confused          |       |       |     1 ||     1
Armor: Robe              |    18 |    15 |    15 ||    48
Dodge: Dodged            |    97 |    48 |    81 ||   226

Table legend: (Time is in decaauts)
 A = Elapsed time spent in this place.
 B = Non-inter-level travel time spent in this place.
 C = Inter-level travel time spent in this place.
 D = Time resting spent in this place.
 E = Time spent auto-exploring this place.
 F = Levels seen in this place.
 G = Mean time per level.
                   A        B        C        D        E       F      G
               +--------+--------+--------+--------+--------+-----+--------+
         Total |   7865 |   7555 |    310 |   2341 |   3684 |   5 | 1573.0 |
       Dungeon |   7865 |   7555 |    310 |   2341 |   3684 |   5 | 1573.0 |
               +--------+--------+--------+--------+--------+-----+--------+

Top non-repeatable levels by time:
     D:1: 2388 daAuts
     D:4: 2054 daAuts
     D:2: 1492 daAuts
     D:5: 1267 daAuts
     D:3: 662 daAuts
